 Dungeon Crawl Stone Soup version 0.29.1-1-gd02db69 (webtiles) character file.

Game seed: 14009639069064881278

7 malesh the Digger (level 2, 13/15 HPs)
             Began as a Gargoyle Earth Elementalist on Oct 18, 2022.
             Quit the game on level 1 of the Dungeon.
             The game lasted 00:02:27 (334 turns).

malesh the Digger (Gargoyle Earth Elementalist)      Turns: 334, Time: 00:02:28

Health: 13/15      AC:  4    Str: 11    XL:     2   Next: 0%
Magic:  3/5        EV: 12    Int: 15    God:
Gold:   77         SH:  0    Dex: 10    Spells: 4/5 levels left

rFire   . . .      SeeInvis .   c - +0 whip (elec)
rCold   . . .      Faith    .   (no shield)
rNeg    + . .      Spirit   .   a - +0 robe
rPois   ∞          Reflect  .   (no helmet)
rElec   +          Harm     .   (no cloak)
rCorr   .          Rampage  .   (no gloves)
Will    .....                   (no boots)
Stlth   ++........              (no amulet)
HPRegen 0.05/turn               (no ring)
MPRegen 0.09/turn               (no ring)

@: no status effects
A: sickness immunity, AC +2, negative energy resistance 1, electricity
resistance, torment resistance 1, petrification resistance
a: no special abilities


You were on level 1 of the Dungeon.
You visited 1 branch of the dungeon, and saw 1 of its levels.

You collected 77 gold pieces.

Inventory:

Hand Weapons
 c - a +0 whip of electrocution (weapon)
Armour
 a - a +0 robe (worn)
Scrolls
 d - a scroll of fog {unknown}
 f - 2 scrolls of identify {unknown}
 g - 2 scrolls of vulnerability {unknown}
 h - 2 scrolls of summoning {unknown}
Potions
 b - a potion of magic
 e - a potion of heal wounds {unknown}


   Skills:
 + Level 0.2 Maces & Flails
 + Level 1.6 Dodging
 - Level 2.2 Stealth
 * Level 2.2 Spellcasting
 - Level 0.7 Transmutations
 * Level 3.8 Earth Magic


You had 4 spell levels left.
You knew the following spells:

 Your Spells              Type           Power      Damage    Failure   Level
a - Sandblast             Erth           26%        2d8       4%          1

Your spell library contained the following spells:

 Spells                   Type           Power      Damage    Failure   Level
 Passwall                 Tmut/Erth      6%         N/A       13%         2
 Stone Arrow              Conj/Erth      14%        3d7       30%         3
 Petrify                  Tmut/Erth      8%         N/A       63%         4


Dungeon Overview and Level Annotations

Branches:
Dungeon (1/15)

Altars:

Shops:
D:1 ![:


Innate Abilities, Weirdness & Mutations

You are immune to sickness and miasma.
Your stone body is resilient. (AC +2)
You are immune to poison.
You resist negative energy. (rN+)
You are resistant to electric shocks. (rElec)
You are resistant to unholy torment.
You are immune to petrification.


Message History

A goblin comes into view. It is wielding a +0 dagger.
The blast of sand hits the goblin!
You kill the goblin!
There is an escape hatch in the floor here.
You open the door.
Found a stone staircase leading down.
No target in view!
There is a stone staircase leading down here.
A rat comes into view.
Found 2 scrolls labelled YPUASTI SIWOQ.
You see here a silvery potion.
A rat is nearby!
e - a silvery potion You can't see any susceptible monsters within range! (Use Z to cast anyway.)
The blast of sand hits the rat.
You kill the rat!
f - 2 scrolls labelled YPUASTI SIWOQ You open the door.
There is an open door here.
Found 4 poisoned darts.
You see here 4 poisoned darts.
You open the door.
There is an open door here.
g - 2 scrolls labelled VEPSUIBRURR You open the door.
There is an open door here.
h - 2 scrolls labelled FESABR GICKEWA
There is an open door here.
Found 5 stones.
A ball python comes into view.
The ball python is engulfed in blazing flames.
The ball python dies!
Found Awekal's Distillery.
A bat comes into view.
A bat is nearby!
The bat hits you.
The blast of sand hits the bat!
You kill the bat!
You have reached level 2!
Are you sure you want to abandon this character and quit the game? (Confirm with "yes".)

#.# #.# #.# #
#.#.# ##.#.###
## #...#......
#..#.#..#
#.#...#..#
##@.∩..#
.....^.#...#..#
........#.#..##
........ #.....
...##### #####
##


There were no monsters in sight!

Vanquished Creatures
  A bat (D:1)
  An endoplasm (D:1)
  A goblin (D:1)
  A hobgoblin (D:1)
  A kobold (D:1)
  A rat (D:1)
6 creatures vanquished.

Vanquished Creatures (others)
  A ball python (D:1)
1 creature vanquished.

Grand Total: 7 creatures vanquished

Notes
Turn   | Place    | Note
-------+----------+-------------------------------------------
     0 | D:1      | malesh the Gargoyle Earth Elementalist began the quest for
                  | the Orb.
     0 | D:1      | Reached XP level 1. HP: 10/10 MP: 3/3
    16 | D:1      | Found Samopa Finu's Antique Armour Emporium.
    22 | D:1      | Found Iluomy Basch's Book Shoppe.
   329 | D:1      | Found Awekal's Distillery.
   334 | D:1      | Reached XP level 2. HP: 13/15 MP: 3/5
   334 | D:1      | Quit the game

Illustrated notes

Levels and vault maps discovered:
D:1:      ncdulo_watergridlock, layout_basic, serial_shops, shop, shop,
          nicolae_shop_crystal, nicolae_diamond_shop,
          ebering_ecumenical_altar_petrified, dreamdust_wishing_well,
          lemuel_flame_loot_1

Action                   || total
-------------------------++-------
 Cast: Sandblast         ||     6
